 Dungeon Crawl Stone Soup version 0.19-a0-526-gbe2e51c (webtiles) character file.

416 MrXenoo the Skirmisher (level 6, -5/48 HPs)
             Began as a Demonspawn Berserker on June 7, 2016.
             Was a Priest of Trog.
             Slain by Edmund
             ... wielding a +5 flail of holy wrath
              (9 damage)
             ... on level 4 of the Dungeon.
             The game lasted 00:41:35 (2471 turns).

MrXenoo the Skirmisher (Demonspawn Berserker)       Turns: 2471, Time: 00:41:36

Health: -5/48      AC: 11    Str: 22 (23) XL:     6   Next: 60%
Magic:  6/6        EV:  9    Int:  6 (8)  God:    Trog [***...]
Gold:   156        SH:  0    Dex: 11 (12) Spells: 0 memorised, 5 levels left

rFire  + . .     SeeInvis +     a - +0 hand axe
rCold  . . .     Gourm    .     P - +0 chain mail
rNeg   . . .     Faith    .     (no shield)
rPois  .         Spirit   .     (no helmet)
rElec  .         Dismiss  .     (no cloak)
rCorr  .         Reflect  .     p - +1 pair of gloves {Str+3}
SustAt .         Harm     .     (no boots)
MR     .....                    (no amulet)
Stlth  ..........               (no ring)
                                U - ring of see invisible

@: not resistant to hostile enchantments, extremely unstealthy
A: talons 2, fire resistance 1
a: Berserk, Trog's Hand, Burn Spellbooks, Renounce Religion


You were on level 4 of the Dungeon.
You worshipped Trog.
Trog was most pleased with you.
You were not hungry.

You visited 1 branch of the dungeon, and saw 4 of its levels.

You collected 156 gold pieces.

Inventory:

Hand Weapons
 a - a +0 hand axe (weapon)
 l - a +0 spear
 q - a +0 short sword
 t - a cursed -1 club
 B - a +0 club
 C - a +0 club
 E - a +0 hunting sling
 I - a +0 flail
 J - a +3 trident
 M - a +0 hunting sling
 O - a +0 hunting sling
 T - a +1 flail of protection
Missiles
 k - 85 stones (quivered)
 z - 17 sling bullets
 A - 36 bolts
 K - 2 tomahawks
Armour
 b - a +0 animal skin
 m - a +0 robe
 n - a +0 robe
 p - a +1 pair of gloves of strength (worn)
 r - a cursed +0 robe
 s - a +0 leather armour
 P - a +0 chain mail (worn)
 Q - a +0 ring mail
Magical Staves
 w - an uncursed staff of energy {unknown}
Jewellery
 U - a ring of see invisible (left hand)
Wands
 N - a wand of lightning (10/15)
Scrolls
 e - 2 scrolls of enchant weapon {unknown}
 f - 5 scrolls of remove curse {unknown}
 g - 2 scrolls of immolation {unknown}
 h - 2 scrolls of magic mapping {unknown}
 i - 7 scrolls of identify {unknown}
 x - a scroll of amnesia {unknown}
 y - a scroll of recharging {unknown}
 D - a scroll of teleportation {unknown}
Potions
 F - a potion of berserk rage
 G - a potion of brilliance {unknown}
 H - a potion of cancellation {unknown}
 L - a potion of magic {unknown}
 R - a potion of agility {unknown}
 S - 2 potions of resistance {unknown}
Books
 u - a book of Maledictions

   Spells                             Type                      Level
   a - Corona                         Hexes                        1
   b - Ensorcelled Hibernation        Hexes/Ice                    2
   c - Confuse                        Hexes                        3
   d - Tukima's Dance                 Hexes                        3
   e - Dazzling Spray                 Conjuration/Hexes            3
   Trog disapproves of the use of such an item.
Comestibles
 c - 2 bread rations
 d - 6 chunks of flesh
 o - 2 meat rations
 v - 5 fruits


   Skills:
 + Level 4.2 Fighting
 + Level 3.8 Axes
 + Level 3.2 Armour
 + Level 3.8 Dodging
 + Level 1.7 Stealth


You had 5 spell levels left.
You didn't know any spells.

Dungeon Overview and Level Annotations

Branches:
Dungeon (4/15)
 Temple: D:4-7

Altars:
Hepliaklqana
Makhleb
Pakellas
Uskayaw
Vehumet

Annotations:
D:4 Edmund


Innate Abilities, Weirdness & Mutations

You have razor-sharp toenails.
Your flesh is heat resistant. (rF+)


Message History

You continue eating. x2
Found a stone staircase leading down.
Edmund the Younger comes into view.
He is wielding a flail of holy wrath.
Edmund shouts!
You feel better.
Edmund mutters, "Who needs spells, anyway?"
Edmund hits you with a flail of holy wrath.
You convulse!
* * * LOW HITPOINT WARNING * * *
You hit Edmund.
Edmund is lightly wounded.
Edmund drinks a potion.
Edmund goes berserk!
You closely miss Edmund. You claw Edmund, but do no damage.
Edmund is lightly wounded.
Edmund hits you with a flail of holy wrath!
* * * LOW HITPOINT WARNING * * *
You convulse.
* * * LOW HITPOINT WARNING * * *
Edmund hits you with a flail of holy wrath!
You die...

#.# #.# #.# #.# #
#.# ##.#####.#
......>..#
##..?...#####.#.#
#$####.@@.....#
##########


You could see Edmund (berserk).

Vanquished Creatures
  The ghost of p0werm0de the Vexing, an amateur OpAM (D:4)
  An ogre (D:4)
  A howler monkey (D:3)
  A hound (D:4)
  A worker ant (D:4)
  A hound skeleton (D:4)
  4 adders
  3 oozes
  An adder skeleton (D:4)
  A worm (D:2)
  7 orcs
  2 giant cockroaches
  14 goblins
  8 hobgoblins
  A quokka (D:3)
  5 bats
  2 giant newts (D:2)
  6 kobolds
  6 rats
66 creatures vanquished.

Notes
Turn   | Place    | Note
--------------------------------------------------------------
     0 | D:1      | MrXenoo the Demonspawn Berserker began the quest for the Orb.
     0 | D:1      | Reached XP level 1. HP: 18/18 MP: 1/1
   353 | D:1      | Gained mutation: You have sharp toenails. [demonic ancestry]
   353 | D:1      | Reached XP level 2. HP: 19/24 MP: 2/2
   799 | D:2      | Found a radiant altar of Vehumet.
   808 | D:2      | Found a hazy altar of Hepliaklqana.
   809 | D:2      | Found a hide-covered altar of Uskayaw.
   874 | D:2      | Found a faded altar of an unknown god.
  1037 | D:2      | Reached ** piety under Trog
  1099 | D:2      | Gained mutation: Your flesh is heat resistant. (rF+) [demonic ancestry]
  1099 | D:2      | Reached XP level 3. HP: 29/29 MP: 3/3
  1682 | D:3      | Reached XP level 4. HP: 24/36 MP: 4/4
  1971 | D:3      | Reached *** piety under Trog
  2007 | D:3      | Found a burning altar of Makhleb.
  2016 | D:3      | Found an oddly glowing altar of Pakellas.
  2149 | D:3      | Reached skill level 1 in Stealth
  2156 | D:3      | Reached XP level 5. HP: 40/42 MP: 5/5
  2289 | D:4      | Noticed p0werm0de's ghost (amateur OpAM)
  2310 | D:4      | Killed p0werm0de's ghost
  2310 | D:4      | Reached skill level 4 in Fighting
  2310 | D:4      | Gained mutation: You have razor-sharp toenails. [demonic ancestry]
  2310 | D:4      | Reached XP level 6. HP: 40/48 MP: 6/6
  2464 | D:4      | Noticed Edmund
  2471 | D:4      | Slain by Edmund

Vault maps used:
D:1:      sevenhm_arrival_forest_fort_small_4, hex_tiny
D:2:      minitemple, ecumenical_altar_1, minmay_goblin_outpost
D:3:      kennysheep_goblin_castle, amethyst_overflow_temple_binary
D:4:      bloody_trog, temple_green, first_bread, uniq_edmund

Skill      XL: |  1  2  3  4  5  6 |
---------------+-------------------+-----
Armour         | 2 3 |  3.2
Dodging        | 2 3 |  3.8
Axes           | 3 |  3.8
Stealth        | 1 |  1.7
Fighting       | 4 |  4.2

Action                   |  1- 3 |  4- 6 || total
-------------------------+-------+-------++-------
Melee: Hand axe          |   134 |   139 ||   273
       Kick              |    31 |    46 ||    77
       Unarmed           |     6 |       ||     6
  Use: Potion            |       |     3 ||     3
 Stab: Sleeping          |     1 |     2 ||     3
  Eat: Royal jelly       |     1 |       ||     1
       Chunk             |     1 |     2 ||     3
       Fruit             |       |     1 ||     1
Armor: Animal skin       |    10 |       ||    10
       Leather armour    |    32 |     9 ||    41
       Chain mail        |       |    76 ||    76
Dodge: Dodged            |    82 |    80 ||   162
